 Dungeon Crawl Stone Soup version 0.27.1-1-g398f81649c (webtiles) character file.

Game seed: 6162126651258219376

1584 MisterFreud the Shield-Bearer (level 8, -11/67 HPs)
             Began as a Gnoll Fighter on Sept 6, 2021.
             Was a Follower of Makhleb.
             Mangled by a gargoyle (17 damage)
             ... on level 6 of the Dungeon.
             The game lasted 00:08:13 (6516 turns).

MisterFreud the Shield-Bearer (Gnoll Fighter)       Turns: 6516, Time: 00:08:14

Health: -11/67     AC: 12    Str: 16    XL:     8   Next: 92%
Magic:  13/13      EV: 13    Int:  8    God:    Makhleb [*.....]
Gold:   315        SH: 10    Dex: 13    Spells: 14/14 levels left

rFire    . . .     SeeInvis .   a - +0 rapier
rCold    + + .     Faith    .   c - +0 kite shield
rNeg     . . .     Spirit   .   v - +1 scale mail of Heymieb {rC+ rCorr Int-2 Dex+2}
rPois    .         Reflect  .   w - +1 helmet of Laby {rC+}
rElec    .         Harm     .   g - +0 cloak
rCorr    +         Rampage  .   (no gloves)
Will     .....                  (no boots)
Stlth    +.........             (no amulet)
HPRegen  0.21/turn              r - +4 ring of evasion
MPRegen  0.13/turn              (no ring)

@: mighty
A: fangs 1, strong nose, distributed training
a: Renounce Religion


You were on level 6 of the Dungeon.
You worshipped Makhleb.
Makhleb was aware of your devotion.
You visited 1 branch of the dungeon, and saw 6 of its levels.

You collected 315 gold pieces.

Inventory:

Hand Weapons
 a - a +0 rapier (weapon)
 e - a +3 dagger
Missiles
 i - 3 boomerangs
 n - 10 poisoned darts (quivered)
Armour
 b - a +0 scale mail
 c - a +0 kite shield (worn)
 g - a +0 cloak (worn)
 o - a +0 helmet
 v - the +1 scale mail of Heymieb (worn) {rC+ rCorr Int-2 Dex+2}
   (You found it on level 4 of the Dungeon)

   Int:       It affects your intelligence (-2).
   Dex:       It affects your dexterity (+2).
   rC:        It protects you from cold.
   rCorr:     It protects you from acid and corrosion.
 w - the +1 helmet of Laby (worn) {rC+}
   (You found it on level 5 of the Dungeon)

   rC:        It protects you from cold.
 z - a +1 robe of willpower
Jewellery
 l - a ring of ice
 r - a +4 ring of evasion (left hand)
Wands
 t - a wand of polymorph (2)
Scrolls
 f - a scroll of enchant armour {unknown}
 j - 2 scrolls of teleportation
 m - 2 scrolls of fog
 q - a scroll of blinking {unknown}
 s - a scroll of noise {unknown}
 u - a scroll of torment {unknown}
 y - 4 scrolls of immolation {unknown}
 A - a scroll of silence {unknown}
Potions
 d - 2 potions of might
 h - 3 potions of curing
 k - a potion of magic
 p - 2 potions of ambrosia
 x - a potion of flight
 B - a potion of brilliance {unknown}


   Skills:
 + Level 7.6 Fighting
 + Level 5.9 Short Blades
 + Level 3.7 Long Blades
 + Level 3.7 Axes
 + Level 3.7 Maces & Flails
 + Level 3.7 Polearms
 + Level 3.7 Staves
 + Level 3.7 Slings
 + Level 3.7 Bows
 + Level 3.7 Crossbows
 + Level 3.7 Throwing
 + Level 7.6 Armour
 + Level 3.7 Dodging
 + Level 3.7 Stealth
 + Level 7.6 Shields
 + Level 3.7 Unarmed Combat
 + Level 3.7 Spellcasting
 + Level 3.0 Conjurations
 + Level 3.0 Hexes
 + Level 3.0 Summonings
 + Level 3.0 Necromancy
 + Level 3.0 Translocations
 + Level 3.0 Transmutations
 + Level 3.0 Fire Magic
 + Level 3.0 Ice Magic
 + Level 3.0 Air Magic
 + Level 3.0 Earth Magic
 + Level 3.0 Poison Magic
 + Level 4.0 Invocations
 + Level 3.7 Evocations


You had 14 spell levels left.
You didn't know any spells.
Your spell library contained the following spells:

 Spells                   Type           Power      Damage    Failure   Level
 Beastly Appendage        Tmut           12%        N/A       56%         1
 Foxfire                  Conj/Fire      24%        2x1d5     56%         1
 Wereblood                Tmut           6%         N/A       71%         2
 Call Canine Familiar     Summ           6%         N/A       91%         3
 Conjure Flame            Conj/Fire      6%         6-21      91%         3
 Inner Flame              Hex/Fire       6%         N/A       91%         3
 Portal Projectile        Hex/Tloc       12%        N/A       91%         3
 Spider Form              Tmut/Pois      3%         N/A       91%         3
 Leda's Liquefaction      Hex/Erth       3%         N/A       100%        4
 Summon Ice Beast         Ice/Summ       6%         N/A       100%        4
 Summon Mana Viper        Hex/Summ       6%         N/A       100%        5
 Monstrous Menagerie      Summ           3%         N/A       100%        7


Dungeon Overview and Level Annotations

Branches:
Dungeon (6/15)             Temple (0/1) D:6

Altars:
Makhleb
Zin

Shops:
D:2 [   D:3 (

Annotations:
D:6 Menkaure


Innate Abilities, Weirdness & Mutations

You have very sharp teeth.
Your uncanny sense of smell can sniff out nearby items.
Your experience applies equally to all skills.


Message History

You block the stone arrow.
You hit the gargoyle but do no damage.
The gargoyle is heavily damaged.
The gargoyle hits you with a +0 mace!
You hit the gargoyle but do no damage.
You bite the gargoyle, but do no damage.
The gargoyle is heavily damaged.
You block the gargoyle's attack.
You hit the gargoyle but do no damage.
The gargoyle is heavily damaged.
The gargoyle hurls a stone arrow at you.
You block the stone arrow.
You hit the gargoyle but do no damage.
The gargoyle is heavily damaged.
The gargoyle hurls a stone arrow at you.
The stone arrow hits you!
* * * LOW HITPOINT WARNING * * *
You hit the gargoyle but do no damage.
The gargoyle is heavily damaged.
The gargoyle hits you with a +0 mace.
* * * LOW HITPOINT WARNING * * *
You hit the gargoyle but do no damage.
The gargoyle is heavily damaged.
You block the gargoyle's attack.
It was a potion of curing.
You feel better. The gargoyle barely misses you.
You feel very mighty all of a sudden.
The gargoyle hurls a stone arrow at you.
The stone arrow hits you!
* * * LOW HITPOINT WARNING * * *
You hit the gargoyle.
The gargoyle is heavily damaged.
The gargoyle misses you.
You hit the gargoyle but do no damage.
The gargoyle is heavily damaged.
The gargoyle hits you with a +0 mace.
* * * LOW HITPOINT WARNING * * *
You closely miss the gargoyle.
The gargoyle is heavily damaged.
The gargoyle hits you with a +0 mace!
You die...

##################
.................#
.###############.#####
.# #.....# .# #.###.#
.# #.# .# #.# .# #@#
.# #9# ∆ .# #.. .####
#.## .... ... .... ...
##.### ... ...).##
####. ##....#


You could see a gargoyle.

Vanquished Creatures
  Eustachio (D:5)
  Duvessa (D:6)
  An orc warrior (D:6)
  A necrophage (D:5)
  2 phantoms
  Dowan (D:6)
  4 scorpions
  5 wights
  3 orc priests
  2 hounds
  2 iguanas (D:5)
  Jessica (D:2)
  Ijyb (D:4)
  4 orc wizards
  3 gnolls
  5 adders
  2 shadow imps
  An ufetubus (D:5)
  An adder skeleton (D:4)
  3 worms
  10 orcs
  2 endoplasms
  5 giant cockroaches
  6 goblins
  7 hobgoblins
  2 quokkas (D:2)
  4 ball pythons
  A bat (D:1)
  3 frilled lizards
  5 kobolds
  2 rats (D:1)
91 creatures vanquished.

Notes
Turn   | Place    | Note
-------+----------+-------------------------------------------
     0 | D:1      | MisterFreud the Gnoll Fighter began the quest for the Orb.
     0 | D:1      | Reached XP level 1. HP: 23/23 MP: 1/1
   180 | D:1      | Reached XP level 2. HP: 29/29 MP: 2/2
   393 | D:1      | Found a faded altar of an unknown god.
   617 | D:2      | Noticed Jessica
   643 | D:2      | Killed Jessica
   644 | D:2      | Reached skill level 1 in Invocations
   644 | D:2      | Reached XP level 3. HP: 9/35 MP: 2/4
   912 | D:2      | Found Molaasi's Antique Armour Shoppe.
   971 | D:2      | Found a glowing silver altar of Zin.
  1081 | D:2      | Reached skill level 1 in Long Blades
  1081 | D:2      | Reached skill level 1 in Axes
  1081 | D:2      | Reached skill level 1 in Maces & Flails
  1081 | D:2      | Reached skill level 1 in Polearms
  1081 | D:2      | Reached skill level 1 in Staves
  1081 | D:2      | Reached skill level 1 in Slings
  1081 | D:2      | Reached skill level 1 in Bows
  1081 | D:2      | Reached skill level 1 in Crossbows
  1081 | D:2      | Reached skill level 1 in Throwing
  1081 | D:2      | Reached skill level 1 in Dodging
  1081 | D:2      | Reached skill level 1 in Stealth
  1081 | D:2      | Reached skill level 1 in Unarmed Combat
  1081 | D:2      | Reached skill level 1 in Spellcasting
  1081 | D:2      | Reached skill level 1 in Evocations
  1081 | D:2      | Reached XP level 4. HP: 41/41 MP: 5/5
  1672 | D:3      | Reached skill level 1 in Conjurations
  1672 | D:3      | Reached skill level 1 in Hexes
  1672 | D:3      | Reached skill level 1 in Summonings
  1672 | D:3      | Reached skill level 1 in Necromancy
  1672 | D:3      | Reached skill level 1 in Translocations
  1672 | D:3      | Reached skill level 1 in Transmutations
  1672 | D:3      | Reached skill level 1 in Fire Magic
  1672 | D:3      | Reached skill level 1 in Ice Magic
  1672 | D:3      | Reached skill level 1 in Air Magic
  1672 | D:3      | Reached skill level 1 in Earth Magic
  1672 | D:3      | Reached skill level 1 in Poison Magic
  1937 | D:3      | Found Redaawn's Weapon Boutique.
  2572 | D:4      | Noticed a scorpion
  2583 | D:4      | Killed a scorpion
  2584 | D:4      | Reached XP level 5. HP: 45/47 MP: 5/7
  2638 | D:4      | Noticed Ijyb
  2723 | D:3      | Reached XP level 6. HP: 22/53 MP: 8/8
  2973 | D:4      | Reached skill level 5 in Short Blades
  3221 | D:4      | Reached XP level 7. HP: 49/59 MP: 10/10
  3855 | D:4      | Killed Ijyb
  4028 | D:4      | Identified the +1 scale mail of Heymieb {rC+ rCorr Int-2
                  | Dex+2}
  4059 | D:5      | Entered Level 5 of the Dungeon
  4365 | D:5      | Identified the +1 helmet of Laby {rC+}
  4497 | D:5      | Reached XP level 8. HP: 34/67 MP: 12/12
  4706 | D:5      | Noticed Eustachio
  4738 | D:5      | Killed Eustachio
  5592 | D:1      | Became a worshipper of Makhleb the Destroyer
  5592 | D:1      | Reached * piety under Makhleb
  5690 | D:6      | Noticed Duvessa
  5690 | D:6      | Noticed Dowan
  5716 | D:6      | Killed Duvessa
  5736 | D:6      | Killed Dowan
  5981 | D:6      | Found a staircase to the Ecumenical Temple.
  6200 | D:6      | Noticed Menkaure
  6488 | D:6      | Noticed a gargoyle
  6516 | D:6      | Mangled by a gargoyle

Illustrated notes

Levels and vault maps discovered:
D:1:      wander_arrival_lonely_grave, layout_basic,
          hellmonk_ecumenical_altar_arch_garden
D:2:      kennysheep_six_static_rooms, layout_loops_ring, serial_shops, shop,
          basic_altar, uniq_jessica
D:3:      layout_loops_ring, serial_shops, nicolae_lakefront_shop,
          minmay_stone_trees_medium
D:4:      layout_basic, uniq_ijyb
D:5:      layout_cave_pools, water_maze_lemuel, uniq_eustachio
D:6:      layout_basic, minmay_temple_entry_ruins, uniq_menkaure, uniq_duvessa

Skill      XL: |  1  2  3  4  5  6  7  8 |
---------------+-------------------------+-----
Invocations    | 1 2 3 4 |  4.0
Long Blades    | 1 2 3 |  3.7
Axes           | 1 2 3 |  3.7
Maces & Flails | 1 2 3 |  3.7
Polearms       | 1 2 3 |  3.7
Staves         | 1 2 3 |  3.7
Slings         | 1 2 3 |  3.7
Bows           | 1 2 3 |  3.7
Crossbows      | 1 2 3 |  3.7
Throwing       | 1 2 3 |  3.7
Dodging        | 1 2 3 |  3.7
Stealth        | 1 2 3 |  3.7
Unarmed Combat | 1 2 3 |  3.7
Spellcasting   | 1 2 3 |  3.7
Evocations     | 1 2 3 |  3.7
Conjurations   | 1 2 3 |  3.0
Hexes          | 1 2 3 |  3.0
Summonings     | 1 2 3 |  3.0
Necromancy     | 1 2 3 |  3.0
Translocations | 1 2 3 |  3.0
Transmutations | 1 2 3 |  3.0
Fire Magic     | 1 2 3 |  3.0
Ice Magic      | 1 2 3 |  3.0
Air Magic      | 1 2 3 |  3.0
Earth Magic    | 1 2 3 |  3.0
Poison Magic   | 1 2 3 |  3.0
Short Blades   | 5 |  5.9
Fighting       | 7 |  7.6
Armour         | 7 |  7.6
Shields        | 7 |  7.6

Action                   |  1- 3 |  4- 6 |  7- 9 || total
-------------------------+-------+-------+-------++-------
Melee: Rapier            |    98 |   179 |   325 ||   602
       Bite              |     7 |    18 |    35 ||    60
       Unarmed           |       |       |     6 ||     6
  Use: Scroll            |       |     2 |     3 ||     5
       Potion            |       |       |     2 ||     2
Armor: Scale mail        |    35 |    62 |   135 ||   232
       Skin              |       |       |     1 ||     1
Dodge: Dodged            |    23 |    68 |   156 ||   247
Block: Kite shield       |    61 |    96 |   183 ||   340
